 Dungeon Crawl Stone Soup version 0.24-a0-243-g8f5f5cd (webtiles) character file.

Game seed: 9159417933460145057

174866 Ijustatesigmund the Octopoid Aeon (level 17, 0/121 HPs)
             Began as an Octopode Fighter on Apr 8, 2019.
             Was the Champion of Cheibriados.
             Shot with an arrow by Vashnia (7 damage)
             ... on level 3 of the Snake Pit on Apr 9, 2019.
             The game lasted 01:49:14 (31522 turns).

Ijustatesigmund the Octopoid Aeon (OpFi)           Turns: 31522, Time: 01:49:15

Health: 0/121      AC: 12    Str: 34    XL:     17   Next: 79%
Magic:  26/29      EV: 24    Int: 34    God:    Cheibriados [******]
Gold:   2427       SH: 24    Dex: 30    Spells: 9/16 levels left

rFire    . . .     SeeInvis +   U - +14 obsidian axe {chop, +Fly SInv *Curse} (curse)
rCold    + . .     Gourm    .   b - +5 shield
rNeg     + . .     Faith    .   (helmet restricted)
rPois    +         Spirit   .   X - +4 amulet of reflection
rElec    +         Reflect  +   f - ring of resist corrosion
rCorr    +         Harm     .   i - ring of poison resistance
MR       +....                  M - +5 ring of intelligence
Stlth    +++++++...             u - ring of positive energy
HPRegen  1.30/turn              B - +4 ring of protection
MPRegen  0.21/turn              C - ring of protection from cold
                                G - +4 ring of protection
                                e - ring of wizardry

@: lethally poisoned (0 -> 0), about to teleport, mesmerised, regenerating, very
slow
A: almost no armour, stealthy swim, amphibious, 8 rings, constrict 8, tentacle
spike 1, slimy green scales 2, camouflage 1, clever 1, deterioration 1,
electricity resistance, strong 1, gelatinous body 1
}: 1/15 runes: decaying
a: Bend Time, Temporal Distortion, Slouch, Step From Time, Renounce Religion,
Evoke Flight


You were on level 3 of the Snake Pit.
You worshipped Cheibriados.
Cheibriados was exalted by your worship.
You were very hungry.

You visited 6 branches of the dungeon, and saw 28 of its levels.
You also visited: Sewer, Bailey and Ice Cave.

You collected 2946 gold pieces.
You spent 519 gold pieces at shops.

Inventory:

Hand Weapons
 a - a +2 war axe of flaming
 J - a +4 hand axe of electrocution
 U - the cursed +14 obsidian axe (weapon) {chop, +Fly SInv *Curse}
   (You acquired it on level 1 of the Swamp)

   It inflicts extra damage upon your enemies.
   It lets you see invisible.
   It lets you fly.
   It curses itself when equipped.
   It has a curse placed upon it.
Missiles
 W - 2 poisoned javelins (quivered)
 Y - 2 javelins
Armour
 b - a +5 shield (worn)
Jewellery
 e - a ring of wizardry (on tentacle)
 f - a ring of resist corrosion (left tentacle)
 g - an uncursed ring of stealth
 i - a ring of poison resistance (right tentacle)
 k - an uncursed ring of magical power
 o - an uncursed ring of flight
 s - an uncursed ring of ice
 u - a ring of positive energy (on tentacle)
 B - a +4 ring of protection (on tentacle)
 C - a ring of protection from cold (on tentacle)
 F - an uncursed ring of protection from magic
 G - a +4 ring of protection (on tentacle)
 M - a +5 ring of intelligence (on tentacle)
 N - an uncursed ring of protection from magic
 X - a +4 amulet of reflection (around mantle)
Wands
 c - a wand of clouds (5)
 n - a wand of iceblast (37)
 w - a wand of paralysis (18)
 A - a wand of flame (13)
 D - a wand of polymorph (18)
 I - a wand of acid (10)
 K - a wand of enslavement (9)
Scrolls
 j - a scroll of magic mapping
 p - 6 scrolls of teleportation
 r - a scroll of blinking
 v - 10 scrolls of identify
 x - 4 scrolls of fog
 y - 2 scrolls of fear
 z - 8 scrolls of remove curse
 E - 4 scrolls of amnesia
 H - 4 scrolls of immolation
 R - 3 scrolls of enchant weapon
 Z - 2 scrolls of enchant armour
Potions
 h - 6 potions of lignification
 l - 7 potions of brilliance
 m - 4 potions of flight
 q - 3 potions of magic
 t - 8 potions of curing
 L - 2 potions of heal wounds
 P - 3 potions of agility
 Q - a potion of might
Comestibles
 d - 30 rations


   Skills:
 + Level 12.8 Fighting
 + Level 13.0 Axes
 - Level 10.6 Dodging
 - Level 12.1 Stealth
 - Level 11.2 Shields
 - Level 5.5 Charms
 - Level 4.0 Necromancy
 - Level 2.4 Translocations
 - Level 7.5 Ice Magic
 + Level 17.0 Invocations
 - Level 6.1 Evocations


You had 9 spell levels left.
You knew the following spells:

 Your Spells              Type           Power        Failure   Level  Hunger
a - Apportation           Tloc           ###...       1%          1    ##.....
b - Regeneration          Chrm/Necr      ####......   1%          3    ####...
c - Ozocubu's Armour      Chrm/Ice       #####...     1%          3    ####...

Your spell library contained the following spells:

 Spells                   Type           Power        Failure   Level  Hunger
 Animate Skeleton         Necr           N/A          1%          1    ##.....
 Freeze                   Ice            ####         1%          1    ##.....
 Pain                     Necr           ####         1%          1    ##.....
 Throw Frost              Conj/Ice       ####..       1%          2    ###....
 Vampiric Draining        Necr           ####......   2%          3    ####...
 Beastly Appendage        Tmut           #.....       4%          1    ##.....
 Confusing Touch          Hex            #.....       4%          1    ##.....
 Summon Small Mammal      Summ           #...         4%          1    ##.....
 Passwall                 Tmut/Erth      #.......     8%          2    ###....
 Poisonous Vapours        Pois/Air       #.....       8%          2    ###....
 Recall                   Summ/Tloc      N/A          9%          3    ####...
 Animate Dead             Necr           N/A          9%          4    #####..
 Ice Form                 Ice/Tmut       ####....     11%         4    #####..
 Summon Ice Beast         Ice/Summ       ####....     11%         4    #####..
 Throw Icicle             Conj/Ice       ####....     11%         4    #####..
 Ignite Poison            Fire/Tmut/Pois #.......     14%         3    ####...
 Inner Flame              Hex/Fire       #.......     14%         3    ####...
 Summon Guardian Golem    Hex/Summ       #.......     14%         3    ####...
 Metabolic Englaciation   Hex/Ice        ####......   26%         5    ######.
 Ozocubu's Refrigeration  Ice            ######....   32%         6    #######
 Iskenderun's Battlesphe  Conj/Chrm      ###.....     38%         5    ######.
 Fulminant Prism          Conj/Hex       #.........   41%         4    #####..
 Olgreb's Toxic Radiance  Pois           #.......     41%         4    #####..
 Borgnjor's Vile Clutch   Necr/Erth      ##........   47%         5    ######.
 Simulacrum               Ice/Necr       #####.....   52%         6    #######
 Bolt of Magma            Conj/Fire/Erth #.........   75%         5    ######.
 Fireball                 Conj/Fire      #.........   75%         5    ######.
 Irradiate                Conj/Tmut      #.........   75%         5    ######.
 Venom Bolt               Conj/Pois      #.........   75%         5    ######.
 Death Channel            Necr           ####......   77%         6    #######
 Bolt of Cold             Conj/Ice       ####......   80%         6    #######
 Freezing Cloud           Conj/Ice/Air   ###.......   92%         6    #######
 Bolt of Fire             Conj/Fire      #.........   99%         6    #######
 Iron Shot                Conj/Erth      #.........   99%         6    #######
 Orb of Destruction       Conj           #.........   100%        7    #######
 Ring of Flames           Chrm/Fire      ###.......   100%        7    #######
 Spellforged Servitor     Conj/Summ      #.........   100%        7    #######
 Ignition                 Fire           #.........   100%        8    #######


Dungeon Overview and Level Annotations

Branches:
Dungeon (12/15)            Temple (1/1) D:4            Lair (6/6) D:9
  Swamp (4/4) Lair:2        Snake (3/4) Lair:4        Slime (0/5) Lair:5
    Orc (2/2) D:10            Elf (0/3) Orc:2

Altars:
Cheibriados
Dithmenos
Fedhas
Hepliaklqana
Makhleb
Nemelex Xobeh
Okawaru
Qazlal
Trog
Vehumet
Wu Jian
Xom
Zin
Beogh
Jiyva

Shops:
D:8 *   D:12 !   Orc:2 [*!(

Annotations:
Lair:5 1 runed translucent door
Snake:3 Donald, Vashnia


Innate Abilities, Weirdness & Mutations

You cannot wear most types of armour.
You are very stealthy in the water. (Stealth+)
You are amphibious.
You can wear up to eight rings at the same time.
You can use your tentacles to constrict eight enemies at once.
Your skin changes colour to match your surroundings (Stealth+).
Your rubbery body absorbs attacks. (AC +1, EV +1)
One of your tentacles bears a spike.
You are mostly covered in slimy green scales. (AC +3)
Your mind is acute. (Int +2)
Your body sometimes deteriorates upon taking damage.
You are resistant to electric shocks. (rElec)
Your muscles are strong. (Str +2)


Message History

You are feeling very hungry.
Visions of slaying Donald flood into your mind.
You feel sick.
Donald says, "What's a barding, anyway?
Does it sing for its supper?"
The naga mage mumbles some strange words.
The naga mage seems to speed up.
The naga sharpshooter mumbles some strange words.
The naga sharpshooter magically shoots a bolt.
You reflect the bolt off an invisible shield around you!
The naga sharpshooter spits poison at you.
The splash of poison reflects off an invisible shield around you!
The splash of poison hits the naga sharpshooter.
The naga sharpshooter completely resists.
The naga sharpshooter spits poison at you.
The splash of poison reflects off an invisible shield around you!
The splash of poison hits the naga sharpshooter.
The naga sharpshooter is poisoned.
Vashnia shoots an arrow.
The arrow hits you!!
* * * LOW HITPOINT WARNING * * *
You die...

.#......##
......#.######
#...
......#......#
#....
......#.###..#
#.N... ......#.#
#..# #..N... .....
#.# #..# ##.......
.... #.#
#(.###...:.... #.#
#..##......... #.#
#...((@@..N...
^......##.........
#.####.##........#
#.##NNNN...##
#.###SN...## #.#
#(.##(# ... ...#
.# .. .... .


You could see Vashnia, Donald, 5 naga sharpshooters, a black mamba and 2 naga
magi.

Vanquished Creatures
  Bai Suzhen (Swamp:4)
  Saint Roka (Snake:2)
  Nikola (Snake:2)
  Kirke (Lair:5)
  4 thorn hunters
  Roxanne (Swamp:3)
  3 nagarajas
  Louise (Swamp:4)
  An orc warlord (Orc:2)
  Nessos (Lair:5)
  4 dire elephants (Lair:6)
  2 blizzard demons (IceCv)
  3 naga warriors
  30 hydras
  3 two-headed ogres (D:11)
  3 anacondas
  2 shambling mangroves
  11 alligators
  3 death yaks (D:9)
  A tengu warrior (D:11)
  A shock serpent (Snake:2)
  An orc high priest (Orc:2)
  3 naga sharpshooters
  Sonja (Lair:5)
  2 unseen horrors (D:12)
  2 naga ritualists
  A spriggan druid (Swamp:4)
  12 swamp dragons
  Pikel (D:6)
  2 orc knights (Orc:1)
  3 ugly things (Swamp:1)
  2 salamanders (Snake:1)
  3 cyclopes (D:11)
  8 elephants
  8 orc sorcerers
  The ghost of Lanoc the Archer, a novice TeHu (D:6)
  21 black mambas
  An ice statue (IceCv)
  2 naga magi (Snake:2)
  Maurice (D:10)
  A torpor snail (Lair:4)
  20 spiny frogs
  6 freezing wraiths (IceCv)
  6 komodo dragons
  3 anaconda simulacra (IceCv)
  A rime drake (Lair:3)
  A golden dragon simulacrum (IceCv)
  4 ice devils (IceCv)
  3 trolls
  A merfolk (D:10)
  A polar bear (Lair:6)
  Prince Ribbit (D:6)
  A wolf spider simulacrum (IceCv)
  6 bog bodies
  12 slime creatures
  12 tyrant leeches
  9 blink frogs
  7 dream sheep (Lair:4)
  13 hippogriffs
  9 hornets
  2 wyverns
  Sigmund (D:4)
  A shadow (D:11)
  3 basilisks
  A vampire (D:9)
  3 spriggans
  35 yaks
  2 dire elephant simulacra (IceCv)
  7 hogs (Lair:5)
  A death yak simulacrum (IceCv)
  38 vampire mosquitoes
  35 insubstantial wisps
  13 nagas
  5 harpy simulacra (IceCv)
  12 swamp worms
  4 wargs
  15 water moccasins
  2 hydra simulacra (IceCv)
  6 porcupines
  33 orc warriors
  2 slaves
  14 swamp drakes
  3 ice beasts
  An ettin simulacrum (IceCv)
  A black bear (D:10)
  A necrophage (D:9)
  16 wolves
  An eye of draining (D:12)
  14 ogres
  4 centaurs
  8 crocodiles
  18 bullfrogs
  Blork the orc (D:5)
  6 scorpions
  7 wights
  5 electric eels
  11 crimson imps
  2 draconian simulacra (IceCv)
  32 orc wizards
  A bullfrog zombie (D:5)
  2 centaur zombies
  8 hounds
  27 orc priests
  Crazy Yiuf (D:3)
  5 centaur skeletons
  2 bullfrog skeletons
  5 troll simulacra (IceCv)
  2 spriggan simulacra (IceCv)
  12 worker ants
  Terence (D:2)
  A killer bee zombie (D:6)
  A centaur simulacrum (IceCv)
  2 hound skeletons
  A worker ant zombie (D:9)
  19 adders
  2 gnolls
  2 ogre simulacra (IceCv)
  6 naga simulacra (IceCv)
  10 river rats
  A shadow imp (D:9)
  3 white imps (IceCv)
  6 ufetubi (IceCv)
  An ooze (D:5)
  4 adder skeletons
  4 worms
  5 dart slugs
  5 leopard geckos
  92 orcs
  10 bats
  10 giant cockroaches
  13 goblins
  9 hobgoblins
  14 jackals
  16 kobolds
  3 quokkas
  12 ball pythons
  9 frilled lizards
  A jackal skeleton (D:5)
  25 rats
  A bush (Lair:5)
  5 fungi
  4 plants
999 creatures vanquished.

Vanquished Creatures (collateral kills)
  A naga warrior (Snake:1)
  A shock serpent (Snake:2)
  A naga ritualist (Snake:2)
  A black mamba (Snake:2)
  4 nagas
  2 orc warriors (Snake:2)
10 creatures vanquished.

Vanquished Creatures (others)
  A naga sharpshooter (Snake:1)
  A black mamba (Snake:3)
  A tyrant leech (Swamp:2)
  A slime creature (Swamp:1)
  A bullfrog (Lair:5)
  A scorpion (D:5)
  An orc priest (Orc:2)
  An orc wizard (Orc:2)
  A bullfrog skeleton (D:5)
  2 white imps (IceCv)
  An ufetubus (IceCv)
  A briar patch (Swamp:4)
  7 fungi (Lair:5)
  6 plants
26 creatures vanquished.

Grand Total: 1035 creatures vanquished

Notes
Turn   | Place    | Note
-------+----------+-------------------------------------------
     0 | D:1      | Ijustatesigmund the Octopode Fighter began the quest for
                  | the Orb.
     0 | D:1      | Reached XP level 1. HP: 16/16 MP: 1/1
   145 | D:1      | Reached XP level 2. HP: 18/21 MP: 2/2
   528 | D:1      | Reached XP level 3. HP: 26/26 MP: 3/3
  1209 | D:2      | Reached XP level 4. HP: 9/33 MP: 4/4
  1485 | D:2      | Noticed Terence
  1534 | D:2      | Killed Terence
  1842 | D:2      | Reached XP level 5. HP: 28/37 MP: 5/5
  2183 | D:2      | Found a glowing silver altar of Zin.
  2349 | D:3      | Learned a level 1 spell: Apportation
  2575 | D:3      | Found a runed translucent door.
  2576 | D:3      | Noticed Crazy Yiuf
  2808 | D:3      | Killed Crazy Yiuf
  2808 | D:3      | Reached XP level 6. HP: 38/44 MP: 6/6
  2889 | D:4      | Reached skill level 5 in Axes
  2893 | D:4      | Found a staircase to the Ecumenical Temple.
  2965 | D:4      | Noticed an orc warrior
  2972 | D:4      | Killed an orc warrior
  2972 | D:4      | Reached XP level 7. HP: 24/49 MP: 7/7
  2976 | D:4      | Reached skill level 5 in Fighting
  2982 | D:5      | Entered Level 5 of the Dungeon
  3058 | D:4      | Noticed Sigmund
  3094 | D:4      | Killed Sigmund
  3329 | D:4      | Found a glowing drain.
  3335 | Sewer    | Entered a sewer
  3558 | Sewer    | Reached XP level 8. HP: 50/56 MP: 8/8
  4428 | D:5      | Reached skill level 5 in Dodging
  4428 | D:5      | Reached skill level 5 in Shields
  4575 | D:5      | Noticed Blork the orc
  4776 | D:5      | Killed Blork the orc
  4846 | D:5      | Found a bloodstained altar of Trog.
  4847 | D:5      | Found an iron altar of Okawaru.
  4930 | D:5      | Reached XP level 9. HP: 62/63 MP: 9/9
  5205 | Temple   | Entered the Ecumenical Temple
  5229 | Temple   | Became a worshipper of Cheibriados the Contemplative
  5331 | D:6      | Found a runed translucent door.
  5333 | D:6      | Noticed Lanoc's ghost (novice TeHu)
  5352 | D:6      | Reached skill level 1 in Stealth
  5352 | D:6      | Reached skill level 1 in Invocations
  5359 | D:6      | Killed Lanoc's ghost
  5359 | D:6      | Reached skill level 3 in Invocations
  5471 | D:6      | Reached skill level 4 in Invocations
  5701 | D:6      | Reached skill level 5 in Invocations
  5703 | D:6      | Reached * piety under Cheibriados
  5877 | D:6      | Reached skill level 5 in Stealth
  6066 | D:7      | Noticed Pikel
  6071 | D:7      | Noticed Prince Ribbit
  6289 | D:6      | Killed Pikel
  6289 | D:6      | Reached skill level 6 in Invocations
  6290 | D:6      | Reached XP level 10. HP: 41/69 MP: 14/14
  6515 | D:6      | Killed Prince Ribbit
  6515 | D:6      | Reached skill level 7 in Invocations
  6934 | D:7      | Found a shadowy altar of Dithmenos.
  7185 | D:8      | Reached ** piety under Cheibriados
  7185 | D:8      | Reached skill level 1 in Translocations
  7871 | D:8      | Found a radiant altar of Vehumet.
  7871 | D:8      | Found a burning altar of Makhleb.
  7889 | D:8      | Found Ziraw's General Store.
  7892 | D:8      | Bought a potion of mutation for 128 gold pieces
  7892 | D:8      | Gained mutation: You are somewhat resistant to further
                  | mutation. [potion of mutation]
  8100 | D:9      | Found a sparkling altar of Nemelex Xobeh.
  8270 | D:9      | Reached *** piety under Cheibriados
  8356 | D:9      | Noticed a death yak
  8359 | D:9      | Noticed a death yak
  8360 | D:9      | Noticed a death yak
  8404 | D:10     | Entered Level 10 of the Dungeon
  8629 | D:10     | Found a staircase to the Orcish Mines.
  8636 | D:10     | Reached **** piety under Cheibriados
  8636 | D:10     | Reached skill level 8 in Invocations
  8827 | D:10     | Reached XP level 11. HP: 73/75 MP: 17/17
  9003 | D:10     | Noticed Maurice
  9019 | D:10     | Killed Maurice
  9345 | D:11     | Noticed a two-headed ogre
  9345 | D:11     | Noticed a tengu warrior
  9348 | D:11     | Killed a two-headed ogre
  9352 | D:11     | Killed a tengu warrior
  9518 | D:11     | Noticed a cyclops
  9527 | D:11     | Killed a cyclops
  9825 | D:11     | Noticed a cyclops
  9838 | D:11     | Killed a cyclops
 10031 | D:11     | Noticed a two-headed ogre
 10037 | D:11     | Reached skill level 9 in Invocations
 10044 | D:11     | Noticed a two-headed ogre
 10313 | D:11     | Got a jewelled rapier
 10314 | D:11     | Identified the +8 rapier of Qoety {freeze, Str+4} (You
                  | found it on level 11 of the Dungeon)
 10317 | D:11     | Noticed a two-headed ogre
 10322 | D:11     | Killed a two-headed ogre
 10395 | D:11     | Noticed a cyclops
 10413 | D:11     | Killed a cyclops
 10413 | D:11     | Reached ***** piety under Cheibriados
 10470 | D:11     | Killed a two-headed ogre
 10880 | D:12     | Reached XP level 12. HP: 84/84 MP: 19/19
 11604 | D:12     | Found Dioleow's Distillery.
 11624 | D:12     | Bought a potion of heal wounds for 55 gold pieces
 11624 | D:12     | Bought a potion of heal wounds for 55 gold pieces
 11634 | D:12     | Noticed a death knight
 11884 | D:9      | Found a staircase to the Lair.
 11909 | D:9      | Found a shimmering altar of Xom.
 11909 | D:9      | Found a faded altar of an unknown god.
 11914 | D:9      | Found a blossoming altar of Fedhas.
 11916 | D:9      | Found a stormy altar of Qazlal.
 11918 | D:9      | Found an ornate altar of the Wu Jian Council.
 12020 | D:9      | Killed a death yak
 12392 | D:9      | Killed a death yak
 12392 | D:9      | Reached skill level 10 in Invocations
 12408 | D:9      | Killed a death yak
 12639 | D:9      | Learned a level 3 spell: Regeneration
 12992 | Orc:1    | Entered Level 1 of the Orcish Mines
 12997 | Orc:1    | Reached skill level 1 in Charms
 12997 | Orc:1    | Reached skill level 1 in Necromancy
 13010 | Orc:1    | Found a flagged portal.
 13019 | Bailey   | Entered a bailey
 13199 | Bailey   | Found an iron altar of Okawaru.
 13231 | Orc:1    | Paralysed by an orc sorcerer for 3 turns
 13911 | Orc:2    | Entered Level 2 of the Orcish Mines
 13913 | Orc:2    | Found a roughly hewn altar of Beogh.
 14294 | Orc:2    | Noticed an orc warlord
 14386 | Orc:1    | Reached XP level 13. HP: 90/90 MP: 21/21
 14710 | Orc:2    | Reached skill level 11 in Invocations
 15025 | Orc:2    | Found a staircase to the Elven Halls.
 15264 | Orc:2    | Paralysed by an orc sorcerer for 7 turns
 15284 | Orc:2    | Found Yduf Ifo's General Store.
 15284 | Orc:2    | Found Wuxtuzymaz's Weapon Shoppe.
 15664 | Orc:2    | Reached skill level 10 in Axes
 15726 | Orc:2    | Reached ****** piety under Cheibriados
 15728 | Orc:2    | Found Lini Ara's Distillery.
 15768 | Orc:2    | Found Puac's Antique Armour Emporium.
 15778 | Orc:2    | Bought a scroll of identify for 28 gold pieces
 15778 | Orc:2    | Bought a scroll of fog for 28 gold pieces
 15798 | Orc:2    | Bought a potion of heal wounds for 75 gold pieces
 15798 | Orc:2    | Bought a potion of heal wounds for 75 gold pieces
 15798 | Orc:2    | Bought a potion of heal wounds for 75 gold pieces
 16006 | Orc:2    | Killed an orc warlord
 16203 | Lair:1   | Entered Level 1 of the Lair of Beasts
 16458 | Lair:1   | Reached skill level 10 in Fighting
 16753 | Lair:1   | Lost mutation: You are somewhat resistant to further
                  | mutation. [potion of mutation]
 16753 | Lair:1   | Gained mutation: You are frail. (-10% HP) [potion of
                  | mutation]
 16753 | Lair:1   | Gained mutation: You are partially covered in slimy green
                  | scales. (AC +2) [potion of mutation]
 17235 | Lair:2   | Reached skill level 12 in Invocations
 17391 | Lair:2   | Lost mutation: You are frail. (-10% HP) [potion of
                  | mutation]
 17391 | Lair:2   | Gained mutation: You are frail. (-10% HP) [potion of
                  | mutation]
 17391 | Lair:2   | Gained mutation: Your system is resistant to poisons.
                  | (rPois) [potion of mutation]
 17791 | Lair:2   | Found a staircase to the Swamp.
 17830 | Lair:2   | Lost mutation: You are frail. (-10% HP) [potion of
                  | mutation]
 17830 | Lair:2   | Lost mutation: Your system is resistant to poisons. (rPois)
                  | [potion of mutation]
 17830 | Lair:2   | Gained mutation: You tend to lose your temper in combat.
                  | [potion of mutation]
 17830 | Lair:2   | Gained mutation: You are mostly covered in slimy green
                  | scales. (AC +3) [potion of mutation]
 17830 | Lair:2   | Gained mutation: You evolve. [potion of mutation]
 17830 | Lair:2   | Gained mutation: You are resistant to electric shocks.
                  | (rElec) [potion of mutation]
 17951 | Lair:2   | Gained mutation: Your mind is acute. (Int +2) [evolution]
 19251 | Lair:3   | Got a slimy morningstar
 19252 | Lair:3   | Identified the +4 morningstar of the Ancients {pain, rElec
                  | Str+7 Stlth+} (You found it on level 3 of the Lair of
                  | Beasts)
 19645 | Lair:4   | Found a staircase to the Snake Pit.
 19660 | Lair:4   | Reached XP level 14. HP: 40/99 MP: 23/23
 19666 | Lair:4   | HP: 4/99 [naga/+0 trident (7)]
 20927 | Lair:5   | Noticed Nessos
 20929 | Lair:5   | Killed Nessos
 20942 | Lair:5   | Noticed Kirke
 21107 | Lair:5   | Noticed Sonja
 21116 | Lair:5   | Killed Sonja
 21444 | Lair:5   | Reached skill level 13 in Invocations
 21811 | Lair:5   | Gained mutation: Your body sometimes deteriorates upon
                  | taking damage. [evolution]
 21870 | Lair:5   | Killed Kirke
 21870 | Lair:5   | Reached skill level 10 in Dodging
 21870 | Lair:5   | Reached skill level 10 in Shields
 22029 | Lair:5   | Found a runed translucent door.
 22030 | Lair:5   | Found a viscous altar of Jiyva.
 22030 | Lair:5   | Noticed an azure jelly
 22030 | Lair:5   | Noticed an azure jelly
 22031 | Lair:5   | Found a staircase to the Slime Pits.
 22031 | Lair:5   | Noticed an azure jelly
 22160 | Lair:6   | Entered Level 6 of the Lair of Beasts
 22991 | Lair:6   | Reached XP level 15. HP: 90/108 MP: 22/25
 23215 | Lair:6   | Got a warped executioner's axe
 23216 | Lair:6   | Identified the +5 executioner's axe "Gaamag" {drain, rC+
                  | rN+ Int-2 SInv} (You found it on level 6 of the Lair of
                  | Beasts)
 23396 | Swamp:1  | Entered Level 1 of the Swamp
 23477 | Swamp:1  | Reached skill level 1 in Evocations
 23837 | Swamp:1  | Reached skill level 14 in Invocations
 24153 | Swamp:1  | Identified a scroll of acquirement
 24154 | Swamp:1  | Found the +14 obsidian axe {chop, +Fly SInv *Curse}
 24209 | Swamp:1  | Noticed a thorn hunter
 24222 | Swamp:1  | Killed a thorn hunter
 24598 | Swamp:2  | Reached skill level 5 in Evocations
 25104 | Swamp:2  | Learned a level 3 spell: Ozocubu's Armour
 25363 | Swamp:2  | Gained mutation: Your mind is very acute. (Int +4)
                  | [evolution]
 25383 | Swamp:2  | Reached skill level 1 in Ice Magic
 25647 | Swamp:2  | Upgraded the game from 0.24-a0-235-g3f03afc to
                  | 0.24-a0-243-g8f5f5cd
 25764 | Swamp:3  | Lost mutation: Your body sometimes deteriorates upon taking
                  | damage. [potion of mutation]
 25764 | Swamp:3  | Lost mutation: You tend to lose your temper in combat.
                  | [potion of mutation]
 25764 | Swamp:3  | Lost mutation: Your mind is very acute. (Int +4) [potion of
                  | mutation]
 25764 | Swamp:3  | Lost mutation: You evolve. [potion of mutation]
 25764 | Swamp:3  | Gained mutation: Your mind is very acute. (Int +4) [potion
                  | of mutation]
 25764 | Swamp:3  | Gained mutation: You occasionally shout uncontrollably at
                  | your foes. [potion of mutation]
 25764 | Swamp:3  | Gained mutation: Your spells are a little harder to cast,
                  | but a little more powerful. [potion of mutation]
 25765 | Swamp:3  | Lost mutation: Your mind is very acute. (Int +4) [potion of
                  | mutation]
 25765 | Swamp:3  | Lost mutation: Your spells are a little harder to cast, but
                  | a little more powerful. [potion of mutation]
 25765 | Swamp:3  | Gained mutation: You are agile. (Dex +2) [potion of
                  | mutation]
 25765 | Swamp:3  | Gained mutation: One of your tentacles bears a spike.
                  | [potion of mutation]
 25792 | Swamp:3  | Reached XP level 16. HP: 69/114 MP: 27/27
 26034 | Swamp:3  | Lost mutation: You are agile. (Dex +2) [potion of mutation]
 26034 | Swamp:3  | Lost mutation: You occasionally shout uncontrollably at
                  | your foes. [potion of mutation]
 26034 | Swamp:3  | Gained mutation: Your body sometimes deteriorates upon
                  | taking damage. [potion of mutation]
 26034 | Swamp:3  | Gained mutation: Your muscles are strong. (Str +2) [potion
                  | of mutation]
 26091 | Swamp:3  | Reached skill level 5 in Charms
 26226 | Swamp:3  | Noticed a thorn hunter
 26233 | Swamp:3  | Killed a thorn hunter
 26233 | Swamp:3  | Reached skill level 15 in Invocations
 26281 | Swamp:3  | Identified Roxanne's Handbook of Clay
 26281 | Swamp:3  | Noticed Roxanne
 26318 | Swamp:3  | Killed Roxanne
 26840 | Swamp:4  | Entered Level 4 of the Swamp
 26840 | Swamp:4  | Noticed a thorn hunter
 26848 | Swamp:4  | Killed a thorn hunter
 27358 | Swamp:4  | Noticed Bai Suzhen
 27362 | Swamp:4  | Reached skill level 5 in Ice Magic
 27375 | Swamp:4  | Killed Bai Suzhen
 27375 | Swamp:4  | Reached skill level 10 in Stealth
 27388 | Swamp:4  | Noticed a thorn hunter
 27653 | Swamp:4  | Noticed Louise
 27677 | Swamp:4  | Killed Louise
 27918 | Swamp:4  | Killed a thorn hunter
 27918 | Swamp:4  | Reached XP level 17. HP: 100/121 MP: 28/28
 28125 | Swamp:4  | Got a decaying rune of Zot
 28193 | Swamp:4  | Reached skill level 16 in Invocations
 28356 | Snake:1  | Entered Level 1 of the Snake Pit
 28811 | Snake:1  | Identified Sif Muna's Grimoire of the Arsonist and
                  | Poisoning
 29079 | Snake:2  | Noticed Nikola
 29117 | Snake:2  | Found a frozen archway.
 29121 | IceCv    | Entered an ice cave
 29451 | IceCv    | Identified the Papyrus of Mutagenic Enchantment
 30520 | Snake:2  | Killed Nikola
 30970 | Snake:2  | Noticed Saint Roka
 30987 | Snake:2  | Killed Saint Roka
 31465 | Snake:3  | Reached skill level 17 in Invocations
 31516 | Snake:3  | Noticed Vashnia
 31519 | Snake:3  | Noticed Donald
 31522 | Snake:3  | Shot with an arrow by Vashnia

Levels and vault maps discovered:
D:1:      dpeg_arrival_houses_and_road, layout_loops_corners
D:2:      layout_basic, lemuel_coloured_pillars_altar, cheibrodos_gnoll_hut,
          uniq_terence
D:3:      layout_rooms, first_ration, uniq_crazy_yiuf_cottage
D:4:      layout_gridville, minmay_temple_entry_ruins, gup_sewer_entry_bubbles,
          minmay_liquid_box, uniq_sigmund
D:5:      layout_rooms, grunt_temple_overflow_bloody_war,
          chequers_hall_statues_corner_a, lemuel_flamethrower_1,
          uniq_blork_the_orc
D:6:      layout_cave_pools, gammafunk_ghost_grave
D:7:      layout_rooms, grunt_dithmenos_smoke_and_mirrors, uniq_prince_ribbit1,
          uniq_pikel
D:8:      layout_cave_pods, grunt_temple_overflow_lords_of_destruction,
          serial_shops, kennysheep_mini
D:9:      layout_loops_cross, nemelex_xobeh_ov_fountains_minmay,
          chequers_temple_overflow_minitemple, dpeg_lair_monsters
D:10:     layout_stronghold, erik_orc_4, hangedman_fish_farm, uniq_maurice
D:11:     layout_loops_ring, grunt_ministairs_10, corexii_leaking_fountain,
          kennysheep_generic_room_4
D:12:     layout_stronghold, serial_shops, shop
Temple:   minmay_temple_curvy_loop
Lair:1:   layout_regular_city
Lair:2:   layout_cave_pods, minmay_swamp_entry_eels
Lair:3:   layout_layer_cave, st_stairs_6
Lair:4:   layout_hall_layers, minmay_snake_entry_guardpost_small,
          minmay_stone_trees_small, st_stairs_12, grunt_megastairs_2
Lair:5:   layout_concentric_octagons, slime_altar_2,
          hangedman_lair_unloving_vines, uniq_sonja, uniq_kirke, uniq_nessos
Lair:6:   due_jungle_book, layout_misc_corridors, serial_bayou_pond_d
Swamp:1:  layout_falls_marsh, infiniplex_staircase_pool
Swamp:2:  layout_basic_swamp, hangedman_swamp_ruin_hall
Swamp:3:  layout_basic_swamp, evilmike_swamp_ruin_house_4, uniq_roxanne
Swamp:4:  swamp, layout_basic_swamp, uniq_bai_suzhen, uniq_louise
Snake:1:  layout_onion, nicolae_snake_serpentine_hallways
Snake:2:  layout_cave_shapes, portal_ice_cave_entry_pillars_four, uniq_nikola,
          uniq_saint_roka
Snake:3:  layout_gridlike, serial_shops, nicolae_shop_behind_doors, uniq_donald,
          uniq_vashnia
Orc:1:    layout_caves, enter_bailey_6
Orc:2:    st_orc_mages, layout_diamond_mine, basic_altar
Sewer:    sewer_minmay_w
Bailey:   bailey_axe_3, bailey
IceCv:    ice_cave_caverns_02

Skill      XL: |  1  2  3  4  5  6  7  8  9 10 11 12 13 14 15 16 17 |
---------------+----------------------------------------------------+-----
Axes           | 3 4 5 6 7 8 9 11 12 13 | 13.0
Fighting       | 4 5 6 7 8 9 10 11 12 | 12.8
Dodging        | 4 5 6 8 9 10 | 10.6
Shields        | 4 5 6 7 8 9 10 11 | 11.2
Stealth        | 7 8 11 12 | 12.1
Invocations    | 6 8 9 10 12 13 14 15 17 | 17.0
Translocations | 2 |  2.4
Charms         | 3 4 5 |  5.5
Necromancy     | 3 4 |  4.0
Evocations     | 6 |  6.1
Ice Magic      | 1 6 7 |  7.5

Action                   |  1- 3 |  4- 6 |  7- 9 | 10-12 | 13-15 | 16-18 || total
-------------------------+-------+-------+-------+-------+-------+-------++-------
Melee: War axe           |    40 |    99 |   234 |   420 |   568 |   391 ||  1752
       Constrict         |    18 |    29 |    56 |    74 |   108 |    44 ||   329
       Tentacles         |    14 |    14 |    46 |   200 |   323 |   203 ||   800
       Mace              |    22 |       |       |       |       |       ||    22
       Hand axe          |       |       |       |    57 |   201 |       ||   258
       Flail             |       |       |       |       |     3 |       ||     3
       Kick              |       |       |       |       |    10 |   342 ||   352
       Broad axe         |       |       |       |       |       |   117 ||   117
Throw: Javelin           |       |       |       |    12 |     8 |     1 ||    21
 Cast: Apportation       |       |       |       |     3 |     2 |       ||     5
       Regeneration      |       |       |       |       |     9 |    19 ||    28
       Ozocubu's Armour  |       |       |       |       |     2 |    10 ||    12
Invok: Slouch            |       |       |       |     3 |     9 |     6 ||    18
       Bend Time         |       |       |       |       |     3 |       ||     3
       Temporal Distorti |       |       |       |       |     1 |       ||     1
       Step From Time    |       |       |       |       |       |     1 ||     1
Evoke: Wand              |       |       |     1 |     6 |    28 |    27 ||    62
       Phantom mirror    |       |       |       |       |       |     1 ||     1
  Use: Scroll            |     7 |     6 |     7 |    10 |    16 |    10 ||    56
       Potion            |     1 |     2 |     7 |     8 |    10 |    15 ||    43
 Stab: Sleeping          |     4 |     6 |    10 |    29 |    21 |    19 ||    89
       Paralysed         |       |       |       |     3 |       |       ||     3
       Distracted        |       |       |       |     3 |     5 |     9 ||    17
       Confused          |       |       |       |       |     2 |       ||     2
  Eat: Chunk             |     1 |     4 |     4 |     3 |     9 |     3 ||    24
       Ration            |       |     1 |     1 |     3 |     5 |     3 ||    13
Armor: Skin              |     5 |     9 |    14 |    27 |    69 |    66 ||   190
Dodge: Dodged            |    27 |    31 |   125 |   207 |   587 |   295 ||  1272
Block: Shield            |    27 |    35 |   169 |   398 |   808 |   553 ||  1990
       Reflection        |       |       |       |       |       |    33 ||    33

Table legend:
 A = Non-vault XP
 B = Vault XP
 C = Vault XP percentage of total XP
 D = Non-vault monster count
 E = Vault monster count
 F = Vault count percentage of total count
                 A         B        C        D         E       F
            +---------+---------+-------+---------+---------+-------
      Total |  160712 |   70526 |  30.5 |     716 |     286 |  28.5
            +---------+---------+-------+---------+---------+-------
        D:1 |      46 |       0 |   0.0 |      24 |       0 |   0.0
        D:2 |     129 |      50 |  27.9 |      32 |       4 |  11.1
        D:3 |      67 |      40 |  37.4 |      18 |       1 |   5.3
        D:4 |     533 |     282 |  34.6 |      22 |       9 |  29.0
        D:5 |     752 |      95 |  11.2 |      21 |       2 |   8.7
        D:6 |    1214 |    1451 |  54.4 |      31 |       3 |   8.8
        D:7 |     571 |       0 |   0.0 |       9 |       0 |   0.0
        D:8 |    1099 |      48 |   4.2 |      24 |       1 |   4.0
        D:9 |    2148 |    3650 |  63.0 |      33 |       8 |  19.5
       D:10 |    1257 |    1127 |  47.3 |      15 |      17 |  53.1
       D:11 |    6933 |     262 |   3.6 |      19 |       2 |   9.5
       D:12 |    3877 |       0 |   0.0 |      17 |       0 |   0.0
     Lair:1 |    2844 |       0 |   0.0 |       9 |       0 |   0.0
     Lair:2 |    5191 |     210 |   3.9 |      32 |       4 |  11.1
     Lair:3 |    5001 |     962 |  16.1 |      23 |       1 |   4.2
     Lair:4 |    7977 |    1225 |  13.3 |      23 |       6 |  20.7
     Lair:5 |    9762 |    5765 |  37.1 |      36 |      10 |  21.7
     Lair:6 |   10981 |    2876 |  20.8 |      24 |       5 |  17.2
    Swamp:1 |   18879 |       0 |   0.0 |      49 |       0 |   0.0
    Swamp:2 |   11217 |       0 |   0.0 |      36 |       0 |   0.0
    Swamp:3 |   18011 |    2029 |  10.1 |      40 |       1 |   2.4
    Swamp:4 |   16685 |   25484 |  60.4 |      52 |      30 |  36.6
    Snake:1 |    8441 |       0 |   0.0 |      22 |       0 |   0.0
    Snake:2 |   13340 |    9058 |  40.4 |      20 |      17 |  45.9
    Snake:3 |    5446 |       0 |   0.0 |       9 |       0 |   0.0
      Orc:1 |    4598 |       0 |   0.0 |      49 |       0 |   0.0
      Orc:2 |    3713 |    5019 |  57.5 |      27 |      45 |  62.5
      Sewer |       0 |     417 | 100.0 |       0 |      48 | 100.0
     Bailey |       0 |     421 | 100.0 |       0 |      16 | 100.0
      IceCv |       0 |   10055 | 100.0 |       0 |      56 | 100.0
            +---------+---------+-------+---------+---------+-------
